 Dungeon Crawl Stone Soup version 0.23-a0-143-g1adec7b (webtiles) character file.

30 Amnesiac the Chiller (level 3, -1/24 HPs)
             Began as a Mummy Ice Elementalist on Sept 2, 2018.
             Shot with an arrow by a centaur (10 damage)
             ... on level 5 of the Dungeon.
             The game lasted 00:03:15 (986 turns).

Amnesiac the Chiller (Mummy Ice Elementalist)        Turns: 986, Time: 00:03:16

Health: -1/24      AC:  2    Str: 11    XL:     3   Next: 5%
Magic:  7/7        EV: 12    Int: 15    God:
Gold:   109        SH:  0    Dex: 12    Spells: 7/8 levels left

rFire    x . .     SeeInvis .   a - +0 great mace
rCold    + . .     Gourm    .   (shield currently unavailable)
rNeg     + + +     Faith    .   g - +0 robe
rPois    ∞         Spirit   .   (no helmet)
rElec    .         Reflect  .   (no cloak)
rCorr    .         Harm     .   (no gloves)
MR       .....                  (no boots)
Stlth    ++........             e - amulet of inaccuracy (curse)
HPRegen  0.08/turn              (no ring)
MPRegen  0.10/turn              (no ring)

@: no status effects
A: no food or potions, fire vulnerability, cold resistance 1, negative energy
resistance 3, torment resistance, unbreathing
a: no special abilities


You were on level 5 of the Dungeon.
You were not hungry.

You visited 1 branch of the dungeon, and saw 5 of its levels.

You collected 109 gold pieces.

Inventory:

Hand Weapons
 a - a +0 great mace (weapon)
Armour
 g - a +0 robe (worn)
Jewellery
 e - a cursed amulet of inaccuracy (around neck)
Scrolls
 c - a scroll of magic mapping {!r}


   Skills:
 - Level 1.5 Dodging
 - Level 1.5 Stealth
 + Level 3.2 Spellcasting
   Level 0.7 Conjurations
 * Level 3.2 Ice Magic


You had 7 spell levels left.
You knew the following spells:

 Your Spells              Type           Power        Failure   Level  Hunger
a - Freeze                Ice            ##..         5%          1    N/A

Your spell library contained the following spells:

 Spells                   Type           Power        Failure   Level  Hunger
 Throw Frost              Conj/Ice       #.....       13%         2    N/A
 Ozocubu's Armour         Chrm/Ice       #.......     30%         3    N/A
 Throw Icicle             Conj/Ice       #.......     65%         4    N/A
 Summon Ice Beast         Ice/Summ       #.......     69%         4    N/A

Dungeon Overview and Level Annotations

Branches:
Dungeon (5/15)
 Temple: D:4-7

Altars:
Fedhas
Hepliaklqana

Annotations:
D:1 1 exclusion
D:2 exclusion: 2 gnolls
D:4 exclusion: skeleton


Innate Abilities, Weirdness & Mutations

You do not eat or drink.
Your flesh is vulnerable to fire.
You are immune to poison.
Your flesh is cold resistant. (rC+)
You are immune to negative energy. (rN+++)
You are immune to unholy pain and torment.
You can survive without breathing.


Message History

Press: ? - help, Shift-Dir - straight line, f/p - adder
Aim: an adder (lightly wounded)
You freeze the adder.
The adder seems to slow down.
The adder is heavily wounded.
The adder barely misses you.
Casting: Freeze (safe; 6% risk of failure)
Confirm with . or Enter, or press ? or * to list all spells.
Aiming: Freeze (safe; 6% risk of failure)
Press: ? - help, Shift-Dir - straight line, f/p - adder
Aim: an adder (heavily wounded, slow)
You freeze the adder.
The adder is severely wounded.
The adder barely misses you.
Casting: Freeze (safe; 6% risk of failure)
Confirm with . or Enter, or press ? or * to list all spells.
Aiming: Freeze (safe; 6% risk of failure)
Press: ? - help, Shift-Dir - straight line, f/p - adder
Aim: an adder (severely wounded, slow)
You freeze the adder.
The adder is almost dead.
The adder bites you.
* * * LOW HITPOINT WARNING * * *
Casting: Freeze (safe; 6% risk of failure)
Confirm with . or Enter, or press ? or * to list all spells.
Aiming: Freeze (safe; 6% risk of failure)
Press: ? - help, Shift-Dir - straight line, f/p - adder
Aim: an adder (almost dead, slow)
You freeze the adder.
You kill the adder!
You have reached level 3!
Your experience leads to an increase in your attributes!
Increase (S)trength, (I)ntelligence, or (D)exterity?
You feel clever.
Your magical contamination has completely faded away.
The gnoll barely misses you.
Okay, then.
A gnoll comes into view. It is wielding an enchanted spear.
You see here a scroll labeled AMOERA VYPYGU {!r}.
Really read a scroll labeled AMOERA VYPYGU {!r}?
As you read the scroll labeled AMOERA VYPYGU {!r}, it crumbles to dust.
It is a scroll of amnesia.
Okay, then.
Unknown command.
An adder comes into view.
Found a runed granite ring.
Found a stone staircase leading down.
The gnoll shouts!
You see here a runed granite ring.
There is a stone staircase leading down here.
The gnoll shouts!
The gnoll barely misses you.
You climb downwards.
There is a stone staircase leading up here.
You start resting.
Magic restored.
You start resting.
A centaur opens the door.
The centaur wields a shortbow.
The centaur shoots an arrow.
The arrow misses you.
The centaur shoots an arrow.
The arrow hits you!
* * * LOW HITPOINT WARNING * * *
You see here an arrow.
The centaur shoots an arrow.
The arrow hits you!
You die...

#..# #..#
####..###
.......######.
#............
+............
...###............
.....c.@(.<(......
.....#............
.#. #############


You could see a centaur.

Vanquished Creatures
  An adder (D:4)
  A dart slug (D:1)
  An orc (D:4)
  A goblin (D:1)
  3 hobgoblins
  2 jackals (D:2)
  2 quokkas (D:2)
  A ball python (D:3)
  A bat (D:1)
  3 kobolds (D:1)
  A rat (D:1)
17 creatures vanquished.

Notes
Turn   | Place    | Note
-------+----------+-------------------------------------------
     0 | D:1      | Amnesiac the Mummy Ice Elementalist began the quest for the
                  | Orb.
     0 | D:1      | Reached XP level 1. HP: 13/13 MP: 4/4
   448 | D:1      | Reached XP level 2. HP: 19/19 MP: 1/5
   621 | D:2      | Found a hazy altar of Hepliaklqana.
   711 | D:2      | Found a blossoming altar of Fedhas.
   881 | D:4      | Reached XP level 3. HP: 7/24 MP: 0/7
   942 | D:5      | Entered Level 5 of the Dungeon
   984 | D:5      | Noticed a centaur
   986 | D:5      | Shot with an arrow by a centaur

Vault maps used:
D:1:      minmay_arrival_four_circles, corexii_item_surrounded_by_moat
D:2:      fedhas_altar_1, nicolae_overflow_crystal_walls, tso_altar,
          uniq_jessica
D:3:      uniq_ijyb, uniq_robin, uniq_crazy_yiuf_cottage
D:4:      minmay_temple_entry_butterflies, serial_shops, shop, uniq_edmund
D:5:      basic_altar, first_ration

Skill      XL: |  1  2 |
---------------+-------+-----
Ice Magic      | 3 |  3.2
Spellcasting   | 3 |  3.2
Dodging        | |  1.5
Stealth        | |  1.5
Conjurations   | |  0.7

Action                   || total
-------------------------++-------
 Cast: Freeze            ||    33
  Use: Scroll            ||     4
Armor: Robe              ||     3
Dodge: Dodged            ||    17

Table legend:
 A = Non-vault XP
 B = Vault XP
 C = Vault XP percentage of total XP
 D = Non-vault monster count
 E = Vault monster count
 F = Vault count percentage of total count
                 A         B        C        D         E       F
            +---------+---------+-------+---------+---------+-------
      Total |      44 |       0 |   0.0 |      17 |       0 |   0.0
            +---------+---------+-------+---------+---------+-------
        D:1 |      16 |       0 |   0.0 |       9 |       0 |   0.0
        D:2 |      10 |       0 |   0.0 |       5 |       0 |   0.0
        D:3 |       1 |       0 |   0.0 |       1 |       0 |   0.0
        D:4 |      17 |       0 |   0.0 |       2 |       0 |   0.0
            +---------+---------+-------+---------+---------+-------
